 Dungeon Crawl Stone Soup version 0.26-a0-812-g31a745ddcd (webtiles) character file.

Game seed: 13385737654061792514

5 kae the Insei (level 1, 0/12 HPs)
             Began as a Tengu Transmuter on Nov 16, 2020.
             Slain by a kobold
             ... wielding a +0 club
              (4 damage)
             ... on level 1 of the Dungeon.
             The game lasted 00:00:08 (295 turns).

kae the Insei (Tengu Transmuter)                     Turns: 295, Time: 00:00:08

Health: 0/12       AC:  2    Str: 10    XL:     1   Next: 80%
Magic:  3/4        EV: 12    Int: 13    God:
Gold:   18         SH:  0    Dex: 14    Spells: 3/4 levels left

rFire    . . .     SeeInvis .     - Unarmed
rCold    . . .     Faith    .   (no shield)
rNeg     . . .     Spirit   .   a - +0 robe
rPois    .         Reflect  .   (helmet currently unavailable)
rElec    .         Harm     .   (no cloak)
rCorr    .         Rampage  .   (no gloves)
MR       .....                  (boots unavailable)
Stlth    +.........             (no amulet)
HPRegen  0.04/turn              (no ring)
MPRegen  0.09/turn              (no ring)

@: appendages
A: beak, horns 2, talons 3
a: End Transformation


You were on level 1 of the Dungeon.
You had grown temporary horns.
You visited 1 branch of the dungeon, and saw 1 of its levels.

You collected 18 gold pieces.

Inventory:

Armour
 a - a +0 robe (worn)
Scrolls
 c - a scroll of identify {unknown}
 d - a scroll of immolation {unknown}
 e - a scroll of enchant armour {unknown}
Potions
 b - 2 potions of flight {unknown}


   Skills:
 - Level 1.0 Fighting
 - Level 2.1 Dodging
 + Level 3.4 Unarmed Combat
 - Level 2.0 Spellcasting
 * Level 1.9 Transmutations


You had 3 spell levels left.
You knew the following spells:

 Your Spells              Type           Power        Failure   Level
a - Beastly Appendage     Tmut           #.....       12%         1

Your spell library contained the following spells:

 Spells                   Type           Power        Failure   Level
 Wereblood                Tmut           #.......     17%         2
 Spider Form              Tmut/Pois      #.........   45%         3
 Ice Form                 Ice/Tmut       #.......     86%         4
 Blade Hands              Tmut           #.........   97%         5


Dungeon Overview and Level Annotations

Branches:
Dungeon (1/15)

Altars:


Innate Abilities, Weirdness & Mutations

You have a beak for a mouth.
You have claws for feet.
You have a pair of horns on your head.


Message History

Your transformation is almost over.
Your horns disappear.
A leopard gecko comes into view.
The leopard gecko hisses angrily.
You hear a shout!
A kobold comes into view. It is wielding a +0 club.
The kobold throws a stone.
The stone closely misses you.
There are monsters nearby!
The leopard gecko barely misses you.
A jackal comes into view.
The leopard gecko closely misses you.
You barely miss the leopard gecko.
The jackal barks!
The leopard gecko closely misses you.
There are monsters nearby!
Casting: Beastly Appendage (safe; 12% risk of failure)
Confirm with . or Enter, or press ? or * to list all spells.
You grow a pair of large bovine horns.
The kobold hits you with a +0 club. The leopard gecko bites you.
The leopard gecko bites you. The kobold hits you with a +0 club.
You die...

# .# .. #. #. #.
##h###### #..
#.l@..(.# #.#
#.....K.###.# #.#
##..##..#
#.#####.##### ## #...#
#.##........# ...###
#.#.........#
#########.##........##
....................
#############.#.#.##..
#..# #.#.#..#..


You could see a leopard gecko, a jackal and a kobold.

Vanquished Creatures
  A leopard gecko (D:1)
  A giant cockroach (D:1)
  A goblin (D:1)
  A bat (D:1)
4 creatures vanquished.

Notes
Turn   | Place    | Note
-------+----------+-------------------------------------------
     0 | D:1      | kae the Tengu Transmuter began the quest for the Orb.
     0 | D:1      | Reached XP level 1. HP: 12/12 MP: 4/4
   295 | D:1      | Slain by a kobold

Illustrated notes

Levels and vault maps discovered:
D:1:      dpeg_arrival_court, layout_basic, serial_bayou_lagoon_a,
          minmay_close_crescents

Action                   || total
-------------------------++-------
Melee: Unarmed           ||    12
       Headbutt          ||     5
       Kick              ||     1
       Peck              ||     1
 Cast: Beastly Appendage ||     4
Armor: Robe              ||     4
Dodge: Dodged            ||     8

Table legend: (Time is in decaauts)
 A = Elapsed time spent in this place.
 B = Non-inter-level travel time spent in this place.
 C = Inter-level travel time spent in this place.
 D = Time resting spent in this place.
 E = Time spent auto-exploring this place.
 F = Levels seen in this place.
 G = Mean time per level.
                   A        B        C        D        E       F      G
               +--------+--------+--------+--------+--------+-----+--------+
         Total |    294 |    294 |      0 |      0 |    250 |   1 |  294.0 |
       Dungeon |    294 |    294 |      0 |      0 |    250 |   1 |  294.0 |
               +--------+--------+--------+--------+--------+-----+--------+

Top non-repeatable levels by time:
     D:1: 294 daAuts
